 Dungeon Crawl Stone Soup version 0.29.0-4-gdea44cf6ec (webtiles) character file.

Game seed: 6495049748473347912

74 qw the Chopper (level 4, 28/28 HPs)
             Began as a Gargoyle Berserker on Sept 4, 2022.
             Was a Believer of Trog.
             Quit the game on level 3 of the Dungeon.
             The game lasted 00:07:49 (4159 turns).

qw the Chopper (Gargoyle Berserker)                 Turns: 4159, Time: 00:07:50

Health: 28/28      AC: 15    Str: 22    XL:     4   Next: 30%
Magic:  4/4        EV: 25    Int:  8    God:    Trog [**....]
Gold:   149        SH:  0    Dex: 15    Spells: 3/3 levels left

rFire   . . .      SeeInvis .   Y - +1 hand axe (freeze)
rCold   . . .      Faith    .   (no shield)
rNeg    + . .      Spirit   .   m - +0 scale mail
rPois   inf        Reflect  .   d - +2 hat
rElec   +          Harm     .   k - +2 cloak
rCorr   .          Rampage  .   (no gloves)
Will    .....                   (no boots)
Stlth   ..........              p - amulet of the acrobat
HPRegen 0.09/turn               e - +6 ring of dexterity
MPRegen 0.09/turn               (no ring)

@: acrobatic
A: sickness immunity, AC +3, negative energy resistance 1, electricity
resistance, torment resistance 1, petrification resistance
a: Renounce Religion, Berserk, Trog's Hand


You were on level 3 of the Dungeon.
You worshipped Trog.
Trog was pleased with you.
You visited 1 branch of the dungeon, and saw 3 of its levels.

You collected 149 gold pieces.


Innate Abilities, Weirdness & Mutations

You are immune to sickness and miasma.
Your stone body is resilient. (AC +3)
You are immune to poison.
You resist negative energy. (rN+)
You are resistant to electric shocks. (rElec)
You are resistant to unholy torment.
You are immune to petrification.


   Skills:
 - Level 3.2 Fighting
 + Level 4.5 Axes
 - Level 2.1 Armour
 - Level 1.5 Dodging


You had 3 spell levels left.
You didn't know any spells.
Your spell library was empty.

Inventory:

Hand Weapons
 g - a +0 flail
 Y - a +1 hand axe of freezing (weapon)
Armour
 d - a +2 hat (worn)
 k - a +2 cloak (worn)
 m - a +0 scale mail (worn)
Jewellery
 e - a +6 ring of dexterity (left hand)
 p - an amulet of the acrobat (around neck)
Scrolls
 c - a scroll of identify
Potions
 a - a potion of degeneration {unknown}
 f - 2 potions of curing
 h - a potion of magic {unknown}
 j - a potion of heal wounds {unknown}
 l - a potion of haste {unknown}

Dungeon Overview and Level Annotations

Branches:
Dungeon (3/15)

Altars:

Annotations:
D:3 1 runed translucent door, Crazy Yiuf


Message History

4145 ||| Stepping randomly (stuck).
A ball python is nearby!
A ball python is nearby!
4146 ||| Stepping randomly (stuck).
A ball python is nearby!
A ball python is nearby!
4147 ||| Stepping randomly (stuck).
A ball python is nearby!
A ball python is nearby!
4148 ||| Stepping randomly (stuck).
You see here a +2 broad axe of flaming.
A ball python is nearby!
A ball python is nearby!
4149 ||| Stepping randomly (stuck).
You see here a +2 broad axe of flaming.
A ball python is nearby!
A ball python is nearby!
4151 ||| Stepping randomly (stuck).
A ball python is nearby!
A ball python is nearby!
4152 ||| Stepping randomly (stuck).
A ball python is nearby!
A ball python is nearby!
4154 ||| Stepping randomly (stuck).
You see here a +2 broad axe of flaming.
A ball python is nearby!
A ball python is nearby!
4155 ||| Stepping randomly (stuck).
You see here a +2 broad axe of flaming.
A ball python is nearby!
A ball python is nearby!
4157 ||| Stepping randomly (stuck).
Things that are here:
a +0 dagger; a +0 leather armour A ball python is nearby!
A ball python is nearby!
4158 ||| Stepping randomly (stuck).
A ball python is nearby!
A ball python is nearby!
Are you sure you want to abandon this character and quit the game? (Confirm with "yes".)

###############
#.........[...###
#.#####...@#....# #
#######.##..##)).#...##..
######
........#...S#...#...#...
#.....
#########..#.#...#...#.#..
##.... #.#.
##.#..#.#..#.## #....
#.#..#[.#..#.#..#.!# #....
######.#..####..#.#..####
#.... ....##.##
.##..##.##..##.. #....
....##..# .....#...#......
#....


You could see a ball python.

Vanquished Creatures
  An adder (D:2)
  A worm (D:2)
  4 orcs (D:3)
  6 bats
  5 endoplasms
  4 giant cockroaches
  2 goblins (D:1)
  5 hobgoblins
  3 jackals (D:1)
  5 quokkas
  6 ball pythons
  A frilled lizard (D:1)
  4 kobolds
  7 rats
54 creatures vanquished.

Notes
Turn   | Place    | Note
-------+----------+-------------------------------------------
     0 | D:1      | qw the Gargoyle Berserker began the quest for the Orb.
     0 | D:1      | Reached XP level 1. HP: 14/14 MP: 1/1
     0 | D:1      | 0 ||| qw: Version: 0.1-a-103-gd6f5d3a
     0 | D:1      | 0 ||| qw: Game counter: 5533
     0 | D:1      | 0 ||| qw: Always use a shield: true
     0 | D:1      | 0 ||| qw: Do Orc after D:15 true
     0 | D:1      | 0 ||| qw: Do second Lair branch before Depths: true
     0 | D:1      | 0 ||| qw: Lair rune preference: random
     0 | D:1      | 0 ||| qw: Plans: Normal
     0 | D:1      | 0 ||| PLANNING D:1-11
   151 | D:1      | 151 ||| DROPPING +0 club.
   167 | D:1      | Reached skill level 3 in Axes
   296 | D:1      | Reached XP level 2. HP: 19/19 MP: 2/2
   319 | D:1      | 319 ||| Stepping ~*~*~tactically~*~*~ (stealth).
   572 | D:1      | Reached XP level 3. HP: 23/23 MP: 3/3
   926 | D:1      | 926 ||| UPGRADING to +2 cloak.
   931 | D:1      | 931 ||| UPGRADING to +6 ring of dexterity.
   932 | D:1      | 932 ||| READING scroll labelled SATONGU TANK.
  1033 | D:1      | 1033 ||| READING scroll labelled UFRE JIQO YNN.
  1034 | D:1      | 1034 ||| READING scroll labelled QETHORIGUI.
  1035 | D:1      | 1035 ||| READING scroll labelled JEOTIRPH LILEUZY.
  1122 | D:2      | 1122 ||| INVOKING Berserk.
  1325 | D:2      | Found a faded altar of an unknown god.
  1430 | D:2      | Reached skill level 4 in Axes
  1896 | D:2      | 1896 ||| UPGRADING to +2 hat.
  1901 | D:2      | 1901 ||| READING scroll labelled IGURAPLAQE.
  1978 | D:3      | Reached ** piety under Trog
  2024 | D:3      | Reached XP level 4. HP: 28/28 MP: 4/4
  2532 | D:3      | Found a runed translucent door.
  2533 | D:3      | Noticed Crazy Yiuf
  2696 | D:3      | 2696 ||| UPGRADING to +0 ring mail.
  2706 | D:3      | 2706 ||| DROPPING +0 animal skin.
  2707 | D:3      | 2707 ||| UPGRADING to +0 scale mail.
  2717 | D:3      | 2717 ||| DROPPING +0 ring mail.
  2718 | D:3      | 2718 ||| UPGRADING to amulet of the acrobat.
  2723 | D:3      | 2723 ||| READING scroll labelled HUEGOY JULATIA.
  2724 | D:3      | 2724 ||| READING scroll labelled INGITR FUSHREAR.
  2725 | D:3      | 2725 ||| READING scroll labelled ZOQOIM CIOSCHO.
  2726 | D:3      | 2726 ||| DRINKING 3 bubbling purple potions.
  2733 | D:3      | 2733 ||| Stepping randomly (stuck).
  2735 | D:3      | 2735 ||| Stepping randomly (stuck).
  2736 | D:3      | 2736 ||| Stepping randomly (stuck).
  2737 | D:3      | 2737 ||| Stepping randomly (stuck).
  2738 | D:3      | 2738 ||| Stepping randomly (stuck).
  2739 | D:3      | 2739 ||| Stepping randomly (stuck).
  2740 | D:3      | 2740 ||| Stepping randomly (stuck).
  2741 | D:3      | 2741 ||| Stepping randomly (stuck).
  2743 | D:3      | 2743 ||| Stepping randomly (stuck).
  2745 | D:3      | 2745 ||| Stepping randomly (stuck).
  2746 | D:3      | 2746 ||| Stepping randomly (stuck).
  2747 | D:3      | 2747 ||| Stepping ~*~*~tactically~*~*~ (stealth).
  2748 | D:3      | 2748 ||| Stepping randomly (stuck).
  2749 | D:3      | 2749 ||| Stepping randomly (stuck).
  2755 | D:3      | 2755 ||| Stepping randomly (stuck).
  2756 | D:3      | 2756 ||| Stepping randomly (stuck).
  2757 | D:3      | 2757 ||| Stepping randomly (stuck).
  2772 | D:3      | 2772 ||| Stepping randomly (stuck).
  2813 | D:3      | 2813 ||| READING scroll labelled DIAMA HAICZYSO.
  2846 | D:3      | 2846 ||| READING scroll labelled UFIEWE LOIXOHOTTEPS.
  2846 | D:3      | Identified a scroll of acquirement
  2846 | D:3      | 2846 ||| ACQUIRING +2 broad axe of flaming
  2846 | D:3      | Acquired a +2 broad axe of flaming
  2847 | D:3      | 2847 ||| Stepping randomly (stuck).
  2848 | D:3      | 2848 ||| Stepping randomly (stuck).
  2850 | D:3      | 2850 ||| Stepping randomly (stuck).
  2852 | D:3      | 2852 ||| Stepping randomly (stuck).
  2853 | D:3      | 2853 ||| Stepping randomly (stuck).
  2854 | D:3      | 2854 ||| Stepping randomly (stuck).
  2855 | D:3      | 2855 ||| Stepping randomly (stuck).
  2857 | D:3      | 2857 ||| Stepping randomly (stuck).
  2859 | D:3      | 2859 ||| Stepping randomly (stuck).
  2861 | D:3      | 2861 ||| Stepping randomly (stuck).
  2862 | D:3      | 2862 ||| Stepping randomly (stuck).
  2863 | D:3      | 2863 ||| Stepping randomly (stuck).
  2864 | D:3      | 2864 ||| Stepping randomly (stuck).
  2865 | D:3      | 2865 ||| Stepping randomly (stuck).
  2866 | D:3      | 2866 ||| Stepping randomly (stuck).
  2868 | D:3      | 2868 ||| Stepping randomly (stuck).
  2870 | D:3      | 2870 ||| Stepping randomly (stuck).
  2871 | D:3      | 2871 ||| Stepping randomly (stuck).
  2872 | D:3      | 2872 ||| Stepping randomly (stuck).
  2873 | D:3      | 2873 ||| Stepping randomly (stuck).
  2874 | D:3      | 2874 ||| Stepping randomly (stuck).
  2875 | D:3      | 2875 ||| Stepping randomly (stuck).
  2876 | D:3      | 2876 ||| Stepping randomly (stuck).
  2877 | D:3      | 2877 ||| Stepping randomly (stuck).
  2878 | D:3      | 2878 ||| Stepping randomly (stuck).
  2879 | D:3      | 2879 ||| Stepping randomly (stuck).
  2880 | D:3      | 2880 ||| Stepping randomly (stuck).
  2881 | D:3      | 2881 ||| Stepping randomly (stuck).
  2882 | D:3      | 2882 ||| Stepping randomly (stuck).
  2883 | D:3      | 2883 ||| Stepping randomly (stuck).
  2884 | D:3      | 2884 ||| Stepping randomly (stuck).
  2885 | D:3      | 2885 ||| Stepping randomly (stuck).
  2886 | D:3      | 2886 ||| Stepping randomly (stuck).
  2887 | D:3      | 2887 ||| Stepping randomly (stuck).
  2899 | D:3      | 2899 ||| Stepping randomly (stuck).
  2901 | D:3      | 2901 ||| Stepping randomly (stuck).
  2902 | D:3      | 2902 ||| Stepping randomly (stuck).
  2904 | D:3      | 2904 ||| Stepping randomly (stuck).
  2905 | D:3      | 2905 ||| Stepping randomly (stuck).
  2906 | D:3      | 2906 ||| Stepping randomly (stuck).
  2907 | D:3      | 2907 ||| Stepping randomly (stuck).
  2909 | D:3      | 2909 ||| Stepping randomly (stuck).
  2910 | D:3      | 2910 ||| Stepping randomly (stuck).
  2911 | D:3      | 2911 ||| Stepping randomly (stuck).
  2912 | D:3      | 2912 ||| Stepping randomly (stuck).
  2914 | D:3      | 2914 ||| Stepping randomly (stuck).
  2916 | D:3      | 2916 ||| Stepping randomly (stuck).
  2917 | D:3      | 2917 ||| Stepping randomly (stuck).
  2919 | D:3      | 2919 ||| Stepping randomly (stuck).
  2920 | D:3      | 2920 ||| Stepping randomly (stuck).
  2922 | D:3      | 2922 ||| Stepping randomly (stuck).
  2923 | D:3      | 2923 ||| Stepping randomly (stuck).
  2924 | D:3      | 2924 ||| Stepping randomly (stuck).
  2925 | D:3      | 2925 ||| Stepping randomly (stuck).
  2926 | D:3      | 2926 ||| Stepping randomly (stuck).
  2927 | D:3      | 2927 ||| Stepping randomly (stuck).
  2928 | D:3      | 2928 ||| Stepping randomly (stuck).
  2929 | D:3      | 2929 ||| Stepping randomly (stuck).
  2930 | D:3      | 2930 ||| Stepping randomly (stuck).
  2931 | D:3      | 2931 ||| Stepping randomly (stuck).
  2932 | D:3      | 2932 ||| Stepping randomly (stuck).
  2934 | D:3      | 2934 ||| Stepping randomly (stuck).
  2935 | D:3      | 2935 ||| Stepping randomly (stuck).
  2937 | D:3      | 2937 ||| Stepping randomly (stuck).
  2939 | D:3      | 2939 ||| Stepping randomly (stuck).
  2940 | D:3      | 2940 ||| Stepping randomly (stuck).
  2941 | D:3      | 2941 ||| Stepping randomly (stuck).
  2942 | D:3      | 2942 ||| Stepping randomly (stuck).
  2943 | D:3      | 2943 ||| Stepping randomly (stuck).
  2945 | D:3      | 2945 ||| Stepping randomly (stuck).
  2946 | D:3      | 2946 ||| Stepping randomly (stuck).
  2947 | D:3      | 2947 ||| Stepping randomly (stuck).
  2950 | D:3      | 2950 ||| Stepping randomly (stuck).
  2951 | D:3      | 2951 ||| Stepping randomly (stuck).
  2952 | D:3      | 2952 ||| Stepping randomly (stuck).
  2953 | D:3      | 2953 ||| Stepping randomly (stuck).
  2955 | D:3      | 2955 ||| Stepping randomly (stuck).
  2956 | D:3      | 2956 ||| Stepping randomly (stuck).
  2957 | D:3      | 2957 ||| Stepping randomly (stuck).
  2959 | D:3      | 2959 ||| Stepping randomly (stuck).
  2960 | D:3      | 2960 ||| Stepping randomly (stuck).
  2962 | D:3      | 2962 ||| Stepping randomly (stuck).
  2963 | D:3      | 2963 ||| Stepping randomly (stuck).
  2964 | D:3      | 2964 ||| Stepping randomly (stuck).
  2965 | D:3      | 2965 ||| Stepping randomly (stuck).
  2966 | D:3      | 2966 ||| Stepping randomly (stuck).
  2967 | D:3      | 2967 ||| Stepping randomly (stuck).
  2968 | D:3      | 2968 ||| Stepping randomly (stuck).
  2969 | D:3      | 2969 ||| Stepping randomly (stuck).
  2970 | D:3      | 2970 ||| Stepping randomly (stuck).
  2972 | D:3      | 2972 ||| Stepping randomly (stuck).
  2973 | D:3      | 2973 ||| Stepping randomly (stuck).
  2975 | D:3      | 2975 ||| Stepping randomly (stuck).
  2977 | D:3      | 2977 ||| Stepping randomly (stuck).
  2978 | D:3      | 2978 ||| Stepping randomly (stuck).
  2979 | D:3      | 2979 ||| Stepping randomly (stuck).
  2980 | D:3      | 2980 ||| Stepping randomly (stuck).
  2981 | D:3      | 2981 ||| Stepping randomly (stuck).
  2982 | D:3      | 2982 ||| Stepping randomly (stuck).
  2983 | D:3      | 2983 ||| Stepping randomly (stuck).
  2984 | D:3      | 2984 ||| Stepping randomly (stuck).
  2985 | D:3      | 2985 ||| Stepping randomly (stuck).
  2986 | D:3      | 2986 ||| Stepping randomly (stuck).
  2988 | D:3      | 2988 ||| Stepping randomly (stuck).
  2990 | D:3      | 2990 ||| Stepping randomly (stuck).
  2991 | D:3      | 2991 ||| Stepping randomly (stuck).
  2992 | D:3      | 2992 ||| Stepping randomly (stuck).
  2993 | D:3      | 2993 ||| Stepping randomly (stuck).
  2994 | D:3      | 2994 ||| Stepping randomly (stuck).
  2995 | D:3      | 2995 ||| Stepping randomly (stuck).
  2996 | D:3      | 2996 ||| Stepping randomly (stuck).
  2997 | D:3      | 2997 ||| Stepping randomly (stuck).
  2998 | D:3      | 2998 ||| Stepping randomly (stuck).
  2999 | D:3      | 2999 ||| Stepping randomly (stuck).
  3000 | D:3      | 3000 ||| Stepping randomly (stuck).
  3001 | D:3      | 3001 ||| Stepping randomly (stuck).
  3002 | D:3      | 3002 ||| Stepping randomly (stuck).
  3003 | D:3      | 3003 ||| Stepping randomly (stuck).
  3005 | D:3      | 3005 ||| Stepping randomly (stuck).
  3006 | D:3      | 3006 ||| Stepping randomly (stuck).
  3007 | D:3      | 3007 ||| Stepping randomly (stuck).
  3008 | D:3      | 3008 ||| Stepping randomly (stuck).
  3009 | D:3      | 3009 ||| Stepping randomly (stuck).
  3010 | D:3      | 3010 ||| Stepping randomly (stuck).
  3011 | D:3      | 3011 ||| Stepping randomly (stuck).
  3013 | D:3      | 3013 ||| Stepping randomly (stuck).
  3014 | D:3      | 3014 ||| Stepping randomly (stuck).
  3015 | D:3      | 3015 ||| Stepping randomly (stuck).
  3017 | D:3      | 3017 ||| Stepping randomly (stuck).
  3018 | D:3      | 3018 ||| Stepping randomly (stuck).
  3020 | D:3      | 3020 ||| Stepping randomly (stuck).
  3022 | D:3      | 3022 ||| Stepping randomly (stuck).
  3023 | D:3      | 3023 ||| Stepping randomly (stuck).
  3024 | D:3      | 3024 ||| Stepping randomly (stuck).
  3025 | D:3      | 3025 ||| Stepping randomly (stuck).
  3026 | D:3      | 3026 ||| Stepping randomly (stuck).
  3027 | D:3      | 3027 ||| Stepping randomly (stuck).
  3028 | D:3      | 3028 ||| Stepping randomly (stuck).
  3029 | D:3      | 3029 ||| Stepping randomly (stuck).
  3030 | D:3      | 3030 ||| Stepping randomly (stuck).
  3031 | D:3      | 3031 ||| Stepping randomly (stuck).
  3032 | D:3      | 3032 ||| Stepping randomly (stuck).
  3033 | D:3      | 3033 ||| Stepping randomly (stuck).
  3034 | D:3      | 3034 ||| Stepping randomly (stuck).
  3035 | D:3      | 3035 ||| Stepping randomly (stuck).
  3037 | D:3      | 3037 ||| Stepping randomly (stuck).
  3038 | D:3      | 3038 ||| Stepping randomly (stuck).
  3040 | D:3      | 3040 ||| Stepping randomly (stuck).
  3041 | D:3      | 3041 ||| Stepping randomly (stuck).
  3042 | D:3      | 3042 ||| Stepping randomly (stuck).
  3044 | D:3      | 3044 ||| Stepping randomly (stuck).
  3045 | D:3      | 3045 ||| Stepping randomly (stuck).
  3048 | D:3      | 3048 ||| Stepping randomly (stuck).
  3049 | D:3      | 3049 ||| Stepping randomly (stuck).
  3052 | D:3      | 3052 ||| Stepping randomly (stuck).
  3053 | D:3      | 3053 ||| Stepping randomly (stuck).
  3054 | D:3      | 3054 ||| Stepping randomly (stuck).
  3055 | D:3      | 3055 ||| Stepping randomly (stuck).
  3056 | D:3      | 3056 ||| Stepping randomly (stuck).
  3057 | D:3      | 3057 ||| Stepping randomly (stuck).
  3059 | D:3      | 3059 ||| Stepping randomly (stuck).
  3061 | D:3      | 3061 ||| Stepping randomly (stuck).
  3062 | D:3      | 3062 ||| Stepping randomly (stuck).
  3063 | D:3      | 3063 ||| Stepping randomly (stuck).
  3064 | D:3      | 3064 ||| Stepping randomly (stuck).
  3065 | D:3      | 3065 ||| Stepping randomly (stuck).
  3067 | D:3      | 3067 ||| Stepping randomly (stuck).
  3069 | D:3      | 3069 ||| Stepping randomly (stuck).
  3070 | D:3      | 3070 ||| Stepping randomly (stuck).
  3071 | D:3      | 3071 ||| Stepping randomly (stuck).
  3072 | D:3      | 3072 ||| Stepping randomly (stuck).
  3073 | D:3      | 3073 ||| Stepping randomly (stuck).
  3074 | D:3      | 3074 ||| Stepping randomly (stuck).
  3075 | D:3      | 3075 ||| Stepping randomly (stuck).
  3076 | D:3      | 3076 ||| Stepping randomly (stuck).
  3077 | D:3      | 3077 ||| Stepping randomly (stuck).
  3078 | D:3      | 3078 ||| Stepping randomly (stuck).
  3079 | D:3      | 3079 ||| Stepping randomly (stuck).
  3080 | D:3      | 3080 ||| Stepping randomly (stuck).
  3081 | D:3      | 3081 ||| Stepping randomly (stuck).
  3082 | D:3      | 3082 ||| Stepping randomly (stuck).
  3084 | D:3      | 3084 ||| Stepping randomly (stuck).
  3085 | D:3      | 3085 ||| Stepping randomly (stuck).
  3086 | D:3      | 3086 ||| Stepping randomly (stuck).
  3087 | D:3      | 3087 ||| Stepping randomly (stuck).
  3088 | D:3      | 3088 ||| Stepping randomly (stuck).
  3089 | D:3      | 3089 ||| Stepping randomly (stuck).
  3090 | D:3      | 3090 ||| Stepping randomly (stuck).
  3091 | D:3      | 3091 ||| Stepping randomly (stuck).
  3092 | D:3      | 3092 ||| Stepping randomly (stuck).
  3094 | D:3      | 3094 ||| Stepping randomly (stuck).
  3095 | D:3      | 3095 ||| Stepping randomly (stuck).
  3098 | D:3      | 3098 ||| Stepping randomly (stuck).
  3100 | D:3      | 3100 ||| Stepping randomly (stuck).
  3101 | D:3      | 3101 ||| Stepping randomly (stuck).
  3102 | D:3      | 3102 ||| Stepping randomly (stuck).
  3103 | D:3      | 3103 ||| Stepping randomly (stuck).
  3104 | D:3      | 3104 ||| Stepping randomly (stuck).
  3105 | D:3      | 3105 ||| Stepping randomly (stuck).
  3108 | D:3      | 3108 ||| Stepping randomly (stuck).
  3109 | D:3      | 3109 ||| Stepping randomly (stuck).
  3110 | D:3      | 3110 ||| Stepping randomly (stuck).
  3111 | D:3      | 3111 ||| Stepping randomly (stuck).
  3112 | D:3      | 3112 ||| Stepping randomly (stuck).
  3113 | D:3      | 3113 ||| Stepping randomly (stuck).
  3116 | D:3      | 3116 ||| Stepping randomly (stuck).
  3117 | D:3      | 3117 ||| Stepping randomly (stuck).
  3118 | D:3      | 3118 ||| Stepping randomly (stuck).
  3119 | D:3      | 3119 ||| Stepping randomly (stuck).
  3120 | D:3      | 3120 ||| Stepping randomly (stuck).
  3121 | D:3      | 3121 ||| Stepping randomly (stuck).
  3122 | D:3      | 3122 ||| Stepping randomly (stuck).
  3125 | D:3      | 3125 ||| Stepping randomly (stuck).
  3126 | D:3      | 3126 ||| Stepping randomly (stuck).
  3127 | D:3      | 3127 ||| Stepping randomly (stuck).
  3128 | D:3      | 3128 ||| Stepping randomly (stuck).
  3129 | D:3      | 3129 ||| Stepping randomly (stuck).
  3130 | D:3      | 3130 ||| Stepping randomly (stuck).
  3131 | D:3      | 3131 ||| Stepping randomly (stuck).
  3132 | D:3      | 3132 ||| Stepping randomly (stuck).
  3134 | D:3      | 3134 ||| Stepping randomly (stuck).
  3135 | D:3      | 3135 ||| Stepping randomly (stuck).
  3136 | D:3      | 3136 ||| Stepping randomly (stuck).
  3137 | D:3      | 3137 ||| Stepping randomly (stuck).
  3139 | D:3      | 3139 ||| Stepping randomly (stuck).
  3140 | D:3      | 3140 ||| Stepping randomly (stuck).
  3141 | D:3      | 3141 ||| Stepping randomly (stuck).
  3142 | D:3      | 3142 ||| Stepping randomly (stuck).
  3143 | D:3      | 3143 ||| Stepping randomly (stuck).
  3144 | D:3      | 3144 ||| Stepping randomly (stuck).
  3145 | D:3      | 3145 ||| Stepping randomly (stuck).
  3147 | D:3      | 3147 ||| Stepping randomly (stuck).
  3149 | D:3      | 3149 ||| Stepping randomly (stuck).
  3151 | D:3      | 3151 ||| Stepping randomly (stuck).
  3152 | D:3      | 3152 ||| Stepping randomly (stuck).
  3153 | D:3      | 3153 ||| Stepping randomly (stuck).
  3155 | D:3      | 3155 ||| Stepping randomly (stuck).
  3156 | D:3      | 3156 ||| Stepping randomly (stuck).
  3157 | D:3      | 3157 ||| Stepping randomly (stuck).
  3158 | D:3      | 3158 ||| Stepping randomly (stuck).
  3159 | D:3      | 3159 ||| Stepping randomly (stuck).
  3160 | D:3      | 3160 ||| Stepping randomly (stuck).
  3161 | D:3      | 3161 ||| Stepping randomly (stuck).
  3163 | D:3      | 3163 ||| Stepping randomly (stuck).
  3165 | D:3      | 3165 ||| Stepping randomly (stuck).
  3167 | D:3      | 3167 ||| Stepping randomly (stuck).
  3168 | D:3      | 3168 ||| Stepping randomly (stuck).
  3169 | D:3      | 3169 ||| Stepping randomly (stuck).
  3170 | D:3      | 3170 ||| Stepping randomly (stuck).
  3171 | D:3      | 3171 ||| Stepping randomly (stuck).
  3172 | D:3      | 3172 ||| Stepping randomly (stuck).
  3173 | D:3      | 3173 ||| Stepping randomly (stuck).
  3175 | D:3      | 3175 ||| Stepping randomly (stuck).
  3176 | D:3      | 3176 ||| Stepping randomly (stuck).
  3177 | D:3      | 3177 ||| Stepping randomly (stuck).
  3178 | D:3      | 3178 ||| Stepping randomly (stuck).
  3179 | D:3      | 3179 ||| Stepping randomly (stuck).
  3180 | D:3      | 3180 ||| Stepping randomly (stuck).
  3181 | D:3      | 3181 ||| Stepping randomly (stuck).
  3182 | D:3      | 3182 ||| Stepping randomly (stuck).
  3183 | D:3      | 3183 ||| Stepping randomly (stuck).
  3184 | D:3      | 3184 ||| Stepping randomly (stuck).
  3186 | D:3      | 3186 ||| Stepping randomly (stuck).
  3187 | D:3      | 3187 ||| Stepping randomly (stuck).
  3189 | D:3      | 3189 ||| Stepping randomly (stuck).
  3191 | D:3      | 3191 ||| Stepping randomly (stuck).
  3192 | D:3      | 3192 ||| Stepping randomly (stuck).
  3193 | D:3      | 3193 ||| Stepping randomly (stuck).
  3195 | D:3      | 3195 ||| Stepping randomly (stuck).
  3197 | D:3      | 3197 ||| Stepping randomly (stuck).
  3199 | D:3      | 3199 ||| Stepping randomly (stuck).
  3200 | D:3      | 3200 ||| Stepping randomly (stuck).
  3201 | D:3      | 3201 ||| Stepping randomly (stuck).
  3202 | D:3      | 3202 ||| Stepping randomly (stuck).
  3204 | D:3      | 3204 ||| Stepping randomly (stuck).
  3206 | D:3      | 3206 ||| Stepping randomly (stuck).
  3207 | D:3      | 3207 ||| Stepping randomly (stuck).
  3208 | D:3      | 3208 ||| Stepping randomly (stuck).
  3209 | D:3      | 3209 ||| Stepping randomly (stuck).
  3212 | D:3      | 3212 ||| Stepping randomly (stuck).
  3213 | D:3      | 3213 ||| Stepping randomly (stuck).
  3215 | D:3      | 3215 ||| Stepping randomly (stuck).
  3216 | D:3      | 3216 ||| Stepping randomly (stuck).
  3218 | D:3      | 3218 ||| Stepping randomly (stuck).
  3219 | D:3      | 3219 ||| Stepping randomly (stuck).
  3220 | D:3      | 3220 ||| Stepping randomly (stuck).
  3221 | D:3      | 3221 ||| Stepping randomly (stuck).
  3223 | D:3      | 3223 ||| Stepping randomly (stuck).
  3224 | D:3      | 3224 ||| Stepping randomly (stuck).
  3225 | D:3      | 3225 ||| Stepping randomly (stuck).
  3226 | D:3      | 3226 ||| Stepping randomly (stuck).
  3227 | D:3      | 3227 ||| Stepping randomly (stuck).
  3229 | D:3      | 3229 ||| Stepping randomly (stuck).
  3230 | D:3      | 3230 ||| Stepping randomly (stuck).
  3231 | D:3      | 3231 ||| Stepping randomly (stuck).
  3232 | D:3      | 3232 ||| Stepping randomly (stuck).
  3233 | D:3      | 3233 ||| Stepping randomly (stuck).
  3234 | D:3      | 3234 ||| Stepping randomly (stuck).
  3235 | D:3      | 3235 ||| Stepping randomly (stuck).
  3236 | D:3      | 3236 ||| Stepping randomly (stuck).
  3238 | D:3      | 3238 ||| Stepping randomly (stuck).
  3239 | D:3      | 3239 ||| Stepping randomly (stuck).
  3240 | D:3      | 3240 ||| Stepping randomly (stuck).
  3241 | D:3      | 3241 ||| Stepping randomly (stuck).
  3242 | D:3      | 3242 ||| Stepping randomly (stuck).
  3243 | D:3      | 3243 ||| Stepping randomly (stuck).
  3245 | D:3      | 3245 ||| Stepping randomly (stuck).
  3246 | D:3      | 3246 ||| Stepping randomly (stuck).
  3248 | D:3      | 3248 ||| Stepping randomly (stuck).
  3250 | D:3      | 3250 ||| Stepping randomly (stuck).
  3252 | D:3      | 3252 ||| Stepping randomly (stuck).
  3253 | D:3      | 3253 ||| Stepping randomly (stuck).
  3254 | D:3      | 3254 ||| Stepping randomly (stuck).
  3255 | D:3      | 3255 ||| Stepping randomly (stuck).
  3256 | D:3      | 3256 ||| Stepping randomly (stuck).
  3257 | D:3      | 3257 ||| Stepping randomly (stuck).
  3260 | D:3      | 3260 ||| Stepping randomly (stuck).
  3262 | D:3      | 3262 ||| Stepping randomly (stuck).
  3264 | D:3      | 3264 ||| Stepping randomly (stuck).
  3265 | D:3      | 3265 ||| Stepping randomly (stuck).
  3267 | D:3      | 3267 ||| Stepping randomly (stuck).
  3269 | D:3      | 3269 ||| Stepping randomly (stuck).
  3270 | D:3      | 3270 ||| Stepping randomly (stuck).
  3272 | D:3      | 3272 ||| Stepping randomly (stuck).
  3273 | D:3      | 3273 ||| Stepping randomly (stuck).
  3274 | D:3      | 3274 ||| Stepping randomly (stuck).
  3275 | D:3      | 3275 ||| Stepping randomly (stuck).
  3277 | D:3      | 3277 ||| Stepping randomly (stuck).
  3278 | D:3      | 3278 ||| Stepping randomly (stuck).
  3279 | D:3      | 3279 ||| Stepping randomly (stuck).
  3280 | D:3      | 3280 ||| Stepping randomly (stuck).
  3281 | D:3      | 3281 ||| Stepping randomly (stuck).
  3282 | D:3      | 3282 ||| Stepping randomly (stuck).
  3283 | D:3      | 3283 ||| Stepping randomly (stuck).
  3286 | D:3      | 3286 ||| Stepping randomly (stuck).
  3288 | D:3      | 3288 ||| Stepping randomly (stuck).
  3289 | D:3      | 3289 ||| Stepping randomly (stuck).
  3291 | D:3      | 3291 ||| Stepping randomly (stuck).
  3292 | D:3      | 3292 ||| Stepping randomly (stuck).
  3293 | D:3      | 3293 ||| Stepping randomly (stuck).
  3296 | D:3      | 3296 ||| Stepping randomly (stuck).
  3297 | D:3      | 3297 ||| Stepping randomly (stuck).
  3298 | D:3      | 3298 ||| Stepping randomly (stuck).
  3299 | D:3      | 3299 ||| Stepping randomly (stuck).
  3300 | D:3      | 3300 ||| Stepping randomly (stuck).
  3301 | D:3      | 3301 ||| Stepping randomly (stuck).
  3302 | D:3      | 3302 ||| Stepping randomly (stuck).
  3303 | D:3      | 3303 ||| Stepping randomly (stuck).
  3304 | D:3      | 3304 ||| Stepping randomly (stuck).
  3305 | D:3      | 3305 ||| Stepping randomly (stuck).
  3306 | D:3      | 3306 ||| Stepping randomly (stuck).
  3307 | D:3      | 3307 ||| Stepping randomly (stuck).
  3308 | D:3      | 3308 ||| Stepping randomly (stuck).
  3309 | D:3      | 3309 ||| Stepping randomly (stuck).
  3310 | D:3      | 3310 ||| Stepping randomly (stuck).
  3312 | D:3      | 3312 ||| Stepping randomly (stuck).
  3313 | D:3      | 3313 ||| Stepping randomly (stuck).
  3314 | D:3      | 3314 ||| Stepping randomly (stuck).
  3316 | D:3      | 3316 ||| Stepping randomly (stuck).
  3317 | D:3      | 3317 ||| Stepping randomly (stuck).
  3318 | D:3      | 3318 ||| Stepping randomly (stuck).
  3319 | D:3      | 3319 ||| Stepping randomly (stuck).
  3320 | D:3      | 3320 ||| Stepping randomly (stuck).
  3321 | D:3      | 3321 ||| Stepping randomly (stuck).
  3322 | D:3      | 3322 ||| Stepping randomly (stuck).
  3323 | D:3      | 3323 ||| Stepping randomly (stuck).
  3325 | D:3      | 3325 ||| Stepping randomly (stuck).
  3326 | D:3      | 3326 ||| Stepping randomly (stuck).
  3328 | D:3      | 3328 ||| Stepping randomly (stuck).
  3329 | D:3      | 3329 ||| Stepping randomly (stuck).
  3330 | D:3      | 3330 ||| Stepping randomly (stuck).
  3331 | D:3      | 3331 ||| Stepping randomly (stuck).
  3332 | D:3      | 3332 ||| Stepping randomly (stuck).
  3333 | D:3      | 3333 ||| Stepping randomly (stuck).
  3335 | D:3      | 3335 ||| Stepping randomly (stuck).
  3337 | D:3      | 3337 ||| Stepping randomly (stuck).
  3338 | D:3      | 3338 ||| Stepping randomly (stuck).
  3340 | D:3      | 3340 ||| Stepping randomly (stuck).
  3341 | D:3      | 3341 ||| Stepping randomly (stuck).
  3342 | D:3      | 3342 ||| Stepping randomly (stuck).
  3343 | D:3      | 3343 ||| Stepping randomly (stuck).
  3345 | D:3      | 3345 ||| Stepping randomly (stuck).
  3346 | D:3      | 3346 ||| Stepping randomly (stuck).
  3347 | D:3      | 3347 ||| Stepping randomly (stuck).
  3349 | D:3      | 3349 ||| Stepping randomly (stuck).
  3350 | D:3      | 3350 ||| Stepping randomly (stuck).
  3351 | D:3      | 3351 ||| Stepping randomly (stuck).
  3352 | D:3      | 3352 ||| Stepping randomly (stuck).
  3354 | D:3      | 3354 ||| Stepping randomly (stuck).
  3356 | D:3      | 3356 ||| Stepping randomly (stuck).
  3357 | D:3      | 3357 ||| Stepping randomly (stuck).
  3358 | D:3      | 3358 ||| Stepping randomly (stuck).
  3359 | D:3      | 3359 ||| Stepping randomly (stuck).
  3360 | D:3      | 3360 ||| Stepping randomly (stuck).
  3362 | D:3      | 3362 ||| Stepping randomly (stuck).
  3364 | D:3      | 3364 ||| Stepping randomly (stuck).
  3366 | D:3      | 3366 ||| Stepping randomly (stuck).
  3368 | D:3      | 3368 ||| Stepping randomly (stuck).
  3370 | D:3      | 3370 ||| Stepping randomly (stuck).
  3371 | D:3      | 3371 ||| Stepping randomly (stuck).
  3373 | D:3      | 3373 ||| Stepping randomly (stuck).
  3375 | D:3      | 3375 ||| Stepping randomly (stuck).
  3376 | D:3      | 3376 ||| Stepping randomly (stuck).
  3377 | D:3      | 3377 ||| Stepping randomly (stuck).
  3378 | D:3      | 3378 ||| Stepping randomly (stuck).
  3379 | D:3      | 3379 ||| Stepping randomly (stuck).
  3380 | D:3      | 3380 ||| Stepping randomly (stuck).
  3381 | D:3      | 3381 ||| Stepping randomly (stuck).
  3382 | D:3      | 3382 ||| Stepping randomly (stuck).
  3385 | D:3      | 3385 ||| Stepping randomly (stuck).
  3386 | D:3      | 3386 ||| Stepping randomly (stuck).
  3387 | D:3      | 3387 ||| Stepping randomly (stuck).
  3388 | D:3      | 3388 ||| Stepping randomly (stuck).
  3389 | D:3      | 3389 ||| Stepping randomly (stuck).
  3391 | D:3      | 3391 ||| Stepping randomly (stuck).
  3393 | D:3      | 3393 ||| Stepping randomly (stuck).
  3394 | D:3      | 3394 ||| Stepping randomly (stuck).
  3395 | D:3      | 3395 ||| Stepping randomly (stuck).
  3396 | D:3      | 3396 ||| Stepping randomly (stuck).
  3398 | D:3      | 3398 ||| Stepping randomly (stuck).
  3399 | D:3      | 3399 ||| Stepping randomly (stuck).
  3400 | D:3      | 3400 ||| Stepping randomly (stuck).
  3401 | D:3      | 3401 ||| Stepping randomly (stuck).
  3404 | D:3      | 3404 ||| Stepping randomly (stuck).
  3405 | D:3      | 3405 ||| Stepping randomly (stuck).
  3407 | D:3      | 3407 ||| Stepping randomly (stuck).
  3409 | D:3      | 3409 ||| Stepping randomly (stuck).
  3410 | D:3      | 3410 ||| Stepping randomly (stuck).
  3411 | D:3      | 3411 ||| Stepping randomly (stuck).
  3412 | D:3      | 3412 ||| Stepping randomly (stuck).
  3413 | D:3      | 3413 ||| Stepping randomly (stuck).
  3414 | D:3      | 3414 ||| Stepping randomly (stuck).
  3416 | D:3      | 3416 ||| Stepping randomly (stuck).
  3418 | D:3      | 3418 ||| Stepping randomly (stuck).
  3419 | D:3      | 3419 ||| Stepping randomly (stuck).
  3421 | D:3      | 3421 ||| Stepping randomly (stuck).
  3423 | D:3      | 3423 ||| Stepping randomly (stuck).
  3424 | D:3      | 3424 ||| Stepping randomly (stuck).
  3425 | D:3      | 3425 ||| Stepping randomly (stuck).
  3426 | D:3      | 3426 ||| Stepping randomly (stuck).
  3427 | D:3      | 3427 ||| Stepping randomly (stuck).
  3428 | D:3      | 3428 ||| Stepping randomly (stuck).
  3429 | D:3      | 3429 ||| Stepping randomly (stuck).
  3431 | D:3      | 3431 ||| Stepping randomly (stuck).
  3433 | D:3      | 3433 ||| Stepping randomly (stuck).
  3434 | D:3      | 3434 ||| Stepping randomly (stuck).
  3435 | D:3      | 3435 ||| Stepping randomly (stuck).
  3436 | D:3      | 3436 ||| Stepping randomly (stuck).
  3438 | D:3      | 3438 ||| Stepping randomly (stuck).
  3439 | D:3      | 3439 ||| Stepping randomly (stuck).
  3440 | D:3      | 3440 ||| Stepping randomly (stuck).
  3441 | D:3      | 3441 ||| Stepping randomly (stuck).
  3442 | D:3      | 3442 ||| Stepping randomly (stuck).
  3443 | D:3      | 3443 ||| Stepping randomly (stuck).
  3445 | D:3      | 3445 ||| Stepping randomly (stuck).
  3446 | D:3      | 3446 ||| Stepping randomly (stuck).
  3447 | D:3      | 3447 ||| Stepping randomly (stuck).
  3448 | D:3      | 3448 ||| Stepping randomly (stuck).
  3450 | D:3      | 3450 ||| Stepping randomly (stuck).
  3452 | D:3      | 3452 ||| Stepping randomly (stuck).
  3453 | D:3      | 3453 ||| Stepping randomly (stuck).
  3454 | D:3      | 3454 ||| Stepping randomly (stuck).
  3455 | D:3      | 3455 ||| Stepping randomly (stuck).
  3456 | D:3      | 3456 ||| Stepping randomly (stuck).
  3459 | D:3      | 3459 ||| Stepping randomly (stuck).
  3460 | D:3      | 3460 ||| Stepping randomly (stuck).
  3461 | D:3      | 3461 ||| Stepping randomly (stuck).
  3462 | D:3      | 3462 ||| Stepping randomly (stuck).
  3463 | D:3      | 3463 ||| Stepping randomly (stuck).
  3464 | D:3      | 3464 ||| Stepping randomly (stuck).
  3465 | D:3      | 3465 ||| Stepping randomly (stuck).
  3467 | D:3      | 3467 ||| Stepping randomly (stuck).
  3468 | D:3      | 3468 ||| Stepping randomly (stuck).
  3469 | D:3      | 3469 ||| Stepping randomly (stuck).
  3470 | D:3      | 3470 ||| Stepping randomly (stuck).
  3471 | D:3      | 3471 ||| Stepping randomly (stuck).
  3472 | D:3      | 3472 ||| Stepping randomly (stuck).
  3473 | D:3      | 3473 ||| Stepping randomly (stuck).
  3475 | D:3      | 3475 ||| Stepping randomly (stuck).
  3477 | D:3      | 3477 ||| Stepping randomly (stuck).
  3478 | D:3      | 3478 ||| Stepping randomly (stuck).
  3480 | D:3      | 3480 ||| Stepping randomly (stuck).
  3482 | D:3      | 3482 ||| Stepping randomly (stuck).
  3483 | D:3      | 3483 ||| Stepping randomly (stuck).
  3485 | D:3      | 3485 ||| Stepping randomly (stuck).
  3486 | D:3      | 3486 ||| Stepping randomly (stuck).
  3487 | D:3      | 3487 ||| Stepping randomly (stuck).
  3488 | D:3      | 3488 ||| Stepping randomly (stuck).
  3489 | D:3      | 3489 ||| Stepping randomly (stuck).
  3490 | D:3      | 3490 ||| Stepping randomly (stuck).
  3491 | D:3      | 3491 ||| Stepping randomly (stuck).
  3492 | D:3      | 3492 ||| Stepping randomly (stuck).
  3494 | D:3      | 3494 ||| Stepping randomly (stuck).
  3496 | D:3      | 3496 ||| Stepping randomly (stuck).
  3497 | D:3      | 3497 ||| Stepping randomly (stuck).
  3498 | D:3      | 3498 ||| Stepping randomly (stuck).
  3499 | D:3      | 3499 ||| Stepping randomly (stuck).
  3500 | D:3      | 3500 ||| Stepping randomly (stuck).
  3501 | D:3      | 3501 ||| Stepping randomly (stuck).
  3503 | D:3      | 3503 ||| Stepping randomly (stuck).
  3504 | D:3      | 3504 ||| Stepping randomly (stuck).
  3506 | D:3      | 3506 ||| Stepping randomly (stuck).
  3507 | D:3      | 3507 ||| Stepping randomly (stuck).
  3508 | D:3      | 3508 ||| Stepping randomly (stuck).
  3509 | D:3      | 3509 ||| Stepping randomly (stuck).
  3510 | D:3      | 3510 ||| Stepping randomly (stuck).
  3511 | D:3      | 3511 ||| Stepping randomly (stuck).
  3512 | D:3      | 3512 ||| Stepping randomly (stuck).
  3513 | D:3      | 3513 ||| Stepping randomly (stuck).
  3514 | D:3      | 3514 ||| Stepping randomly (stuck).
  3515 | D:3      | 3515 ||| Stepping randomly (stuck).
  3516 | D:3      | 3516 ||| Stepping randomly (stuck).
  3517 | D:3      | 3517 ||| Stepping randomly (stuck).
  3518 | D:3      | 3518 ||| Stepping randomly (stuck).
  3519 | D:3      | 3519 ||| Stepping randomly (stuck).
  3521 | D:3      | 3521 ||| Stepping randomly (stuck).
  3523 | D:3      | 3523 ||| Stepping randomly (stuck).
  3524 | D:3      | 3524 ||| Stepping randomly (stuck).
  3525 | D:3      | 3525 ||| Stepping randomly (stuck).
  3527 | D:3      | 3527 ||| Stepping randomly (stuck).
  3528 | D:3      | 3528 ||| Stepping randomly (stuck).
  3529 | D:3      | 3529 ||| Stepping randomly (stuck).
  3530 | D:3      | 3530 ||| Stepping randomly (stuck).
  3531 | D:3      | 3531 ||| Stepping randomly (stuck).
  3532 | D:3      | 3532 ||| Stepping randomly (stuck).
  3533 | D:3      | 3533 ||| Stepping randomly (stuck).
  3534 | D:3      | 3534 ||| Stepping randomly (stuck).
  3535 | D:3      | 3535 ||| Stepping randomly (stuck).
  3536 | D:3      | 3536 ||| Stepping randomly (stuck).
  3537 | D:3      | 3537 ||| Stepping randomly (stuck).
  3538 | D:3      | 3538 ||| Stepping randomly (stuck).
  3539 | D:3      | 3539 ||| Stepping randomly (stuck).
  3542 | D:3      | 3542 ||| Stepping randomly (stuck).
  3544 | D:3      | 3544 ||| Stepping randomly (stuck).
  3546 | D:3      | 3546 ||| Stepping randomly (stuck).
  3547 | D:3      | 3547 ||| Stepping randomly (stuck).
  3549 | D:3      | 3549 ||| Stepping randomly (stuck).
  3551 | D:3      | 3551 ||| Stepping randomly (stuck).
  3552 | D:3      | 3552 ||| Stepping randomly (stuck).
  3554 | D:3      | 3554 ||| Stepping randomly (stuck).
  3555 | D:3      | 3555 ||| Stepping randomly (stuck).
  3557 | D:3      | 3557 ||| Stepping randomly (stuck).
  3559 | D:3      | 3559 ||| Stepping randomly (stuck).
  3561 | D:3      | 3561 ||| Stepping randomly (stuck).
  3563 | D:3      | 3563 ||| Stepping randomly (stuck).
  3565 | D:3      | 3565 ||| Stepping randomly (stuck).
  3566 | D:3      | 3566 ||| Stepping randomly (stuck).
  3568 | D:3      | 3568 ||| Stepping randomly (stuck).
  3570 | D:3      | 3570 ||| Stepping randomly (stuck).
  3571 | D:3      | 3571 ||| Stepping randomly (stuck).
  3572 | D:3      | 3572 ||| Stepping randomly (stuck).
  3573 | D:3      | 3573 ||| Stepping randomly (stuck).
  3574 | D:3      | 3574 ||| Stepping randomly (stuck).
  3575 | D:3      | 3575 ||| Stepping randomly (stuck).
  3576 | D:3      | 3576 ||| Stepping randomly (stuck).
  3577 | D:3      | 3577 ||| Stepping randomly (stuck).
  3580 | D:3      | 3580 ||| Stepping randomly (stuck).
  3581 | D:3      | 3581 ||| Stepping randomly (stuck).
  3582 | D:3      | 3582 ||| Stepping randomly (stuck).
  3583 | D:3      | 3583 ||| Stepping randomly (stuck).
  3584 | D:3      | 3584 ||| Stepping randomly (stuck).
  3586 | D:3      | 3586 ||| Stepping randomly (stuck).
  3587 | D:3      | 3587 ||| Stepping randomly (stuck).
  3588 | D:3      | 3588 ||| Stepping randomly (stuck).
  3589 | D:3      | 3589 ||| Stepping randomly (stuck).
  3592 | D:3      | 3592 ||| Stepping randomly (stuck).
  3593 | D:3      | 3593 ||| Stepping randomly (stuck).
  3594 | D:3      | 3594 ||| Stepping randomly (stuck).
  3595 | D:3      | 3595 ||| Stepping randomly (stuck).
  3596 | D:3      | 3596 ||| Stepping randomly (stuck).
  3597 | D:3      | 3597 ||| Stepping randomly (stuck).
  3600 | D:3      | 3600 ||| Stepping randomly (stuck).
  3601 | D:3      | 3601 ||| Stepping randomly (stuck).
  3602 | D:3      | 3602 ||| Stepping randomly (stuck).
  3603 | D:3      | 3603 ||| Stepping randomly (stuck).
  3605 | D:3      | 3605 ||| Stepping randomly (stuck).
  3606 | D:3      | 3606 ||| Stepping randomly (stuck).
  3607 | D:3      | 3607 ||| Stepping randomly (stuck).
  3609 | D:3      | 3609 ||| Stepping randomly (stuck).
  3611 | D:3      | 3611 ||| Stepping randomly (stuck).
  3613 | D:3      | 3613 ||| Stepping randomly (stuck).
  3615 | D:3      | 3615 ||| Stepping randomly (stuck).
  3616 | D:3      | 3616 ||| Stepping randomly (stuck).
  3617 | D:3      | 3617 ||| Stepping randomly (stuck).
  3618 | D:3      | 3618 ||| Stepping randomly (stuck).
  3620 | D:3      | 3620 ||| Stepping randomly (stuck).
  3621 | D:3      | 3621 ||| Stepping randomly (stuck).
  3622 | D:3      | 3622 ||| Stepping randomly (stuck).
  3623 | D:3      | 3623 ||| Stepping randomly (stuck).
  3625 | D:3      | 3625 ||| Stepping randomly (stuck).
  3627 | D:3      | 3627 ||| Stepping randomly (stuck).
  3628 | D:3      | 3628 ||| Stepping randomly (stuck).
  3629 | D:3      | 3629 ||| Stepping randomly (stuck).
  3630 | D:3      | 3630 ||| Stepping randomly (stuck).
  3631 | D:3      | 3631 ||| Stepping randomly (stuck).
  3632 | D:3      | 3632 ||| Stepping randomly (stuck).
  3634 | D:3      | 3634 ||| Stepping randomly (stuck).
  3635 | D:3      | 3635 ||| Stepping randomly (stuck).
  3637 | D:3      | 3637 ||| Stepping randomly (stuck).
  3639 | D:3      | 3639 ||| Stepping randomly (stuck).
  3640 | D:3      | 3640 ||| Stepping randomly (stuck).
  3641 | D:3      | 3641 ||| Stepping randomly (stuck).
  3642 | D:3      | 3642 ||| Stepping randomly (stuck).
  3643 | D:3      | 3643 ||| Stepping randomly (stuck).
  3644 | D:3      | 3644 ||| Stepping randomly (stuck).
  3645 | D:3      | 3645 ||| Stepping randomly (stuck).
  3646 | D:3      | 3646 ||| Stepping randomly (stuck).
  3647 | D:3      | 3647 ||| Stepping randomly (stuck).
  3648 | D:3      | 3648 ||| Stepping randomly (stuck).
  3649 | D:3      | 3649 ||| Stepping randomly (stuck).
  3650 | D:3      | 3650 ||| Stepping randomly (stuck).
  3652 | D:3      | 3652 ||| Stepping randomly (stuck).
  3654 | D:3      | 3654 ||| Stepping randomly (stuck).
  3656 | D:3      | 3656 ||| Stepping randomly (stuck).
  3658 | D:3      | 3658 ||| Stepping randomly (stuck).
  3660 | D:3      | 3660 ||| Stepping randomly (stuck).
  3661 | D:3      | 3661 ||| Stepping randomly (stuck).
  3663 | D:3      | 3663 ||| Stepping randomly (stuck).
  3664 | D:3      | 3664 ||| Stepping randomly (stuck).
  3665 | D:3      | 3665 ||| Stepping randomly (stuck).
  3666 | D:3      | 3666 ||| Stepping randomly (stuck).
  3667 | D:3      | 3667 ||| Stepping randomly (stuck).
  3668 | D:3      | 3668 ||| Stepping randomly (stuck).
  3669 | D:3      | 3669 ||| Stepping randomly (stuck).
  3672 | D:3      | 3672 ||| Stepping randomly (stuck).
  3673 | D:3      | 3673 ||| Stepping randomly (stuck).
  3674 | D:3      | 3674 ||| Stepping randomly (stuck).
  3675 | D:3      | 3675 ||| Stepping randomly (stuck).
  3676 | D:3      | 3676 ||| Stepping randomly (stuck).
  3678 | D:3      | 3678 ||| Stepping randomly (stuck).
  3679 | D:3      | 3679 ||| Stepping randomly (stuck).
  3680 | D:3      | 3680 ||| Stepping randomly (stuck).
  3682 | D:3      | 3682 ||| Stepping randomly (stuck).
  3684 | D:3      | 3684 ||| Stepping randomly (stuck).
  3686 | D:3      | 3686 ||| Stepping randomly (stuck).
  3687 | D:3      | 3687 ||| Stepping randomly (stuck).
  3688 | D:3      | 3688 ||| Stepping randomly (stuck).
  3689 | D:3      | 3689 ||| Stepping randomly (stuck).
  3690 | D:3      | 3690 ||| Stepping randomly (stuck).
  3692 | D:3      | 3692 ||| Stepping randomly (stuck).
  3693 | D:3      | 3693 ||| Stepping randomly (stuck).
  3694 | D:3      | 3694 ||| Stepping randomly (stuck).
  3696 | D:3      | 3696 ||| Stepping randomly (stuck).
  3697 | D:3      | 3697 ||| Stepping randomly (stuck).
  3698 | D:3      | 3698 ||| Stepping randomly (stuck).
  3699 | D:3      | 3699 ||| Stepping randomly (stuck).
  3700 | D:3      | 3700 ||| Stepping randomly (stuck).
  3701 | D:3      | 3701 ||| Stepping randomly (stuck).
  3704 | D:3      | 3704 ||| Stepping randomly (stuck).
  3706 | D:3      | 3706 ||| Stepping randomly (stuck).
  3707 | D:3      | 3707 ||| Stepping randomly (stuck).
  3708 | D:3      | 3708 ||| Stepping randomly (stuck).
  3710 | D:3      | 3710 ||| Stepping randomly (stuck).
  3712 | D:3      | 3712 ||| Stepping randomly (stuck).
  3713 | D:3      | 3713 ||| Stepping randomly (stuck).
  3714 | D:3      | 3714 ||| Stepping randomly (stuck).
  3716 | D:3      | 3716 ||| Stepping randomly (stuck).
  3718 | D:3      | 3718 ||| Stepping randomly (stuck).
  3719 | D:3      | 3719 ||| Stepping randomly (stuck).
  3720 | D:3      | 3720 ||| Stepping randomly (stuck).
  3721 | D:3      | 3721 ||| Stepping randomly (stuck).
  3722 | D:3      | 3722 ||| Stepping randomly (stuck).
  3723 | D:3      | 3723 ||| Stepping randomly (stuck).
  3724 | D:3      | 3724 ||| Stepping randomly (stuck).
  3725 | D:3      | 3725 ||| Stepping randomly (stuck).
  3726 | D:3      | 3726 ||| Stepping randomly (stuck).
  3729 | D:3      | 3729 ||| Stepping randomly (stuck).
  3730 | D:3      | 3730 ||| Stepping randomly (stuck).
  3733 | D:3      | 3733 ||| Stepping randomly (stuck).
  3735 | D:3      | 3735 ||| Stepping randomly (stuck).
  3736 | D:3      | 3736 ||| Stepping randomly (stuck).
  3737 | D:3      | 3737 ||| Stepping randomly (stuck).
  3739 | D:3      | 3739 ||| Stepping randomly (stuck).
  3740 | D:3      | 3740 ||| Stepping randomly (stuck).
  3741 | D:3      | 3741 ||| Stepping randomly (stuck).
  3742 | D:3      | 3742 ||| Stepping randomly (stuck).
  3743 | D:3      | 3743 ||| Stepping randomly (stuck).
  3745 | D:3      | 3745 ||| Stepping randomly (stuck).
  3747 | D:3      | 3747 ||| Stepping randomly (stuck).
  3749 | D:3      | 3749 ||| Stepping randomly (stuck).
  3751 | D:3      | 3751 ||| Stepping randomly (stuck).
  3752 | D:3      | 3752 ||| Stepping randomly (stuck).
  3754 | D:3      | 3754 ||| Stepping randomly (stuck).
  3755 | D:3      | 3755 ||| Stepping randomly (stuck).
  3757 | D:3      | 3757 ||| Stepping randomly (stuck).
  3758 | D:3      | 3758 ||| Stepping randomly (stuck).
  3759 | D:3      | 3759 ||| Stepping randomly (stuck).
  3760 | D:3      | 3760 ||| Stepping randomly (stuck).
  3763 | D:3      | 3763 ||| Stepping randomly (stuck).
  3764 | D:3      | 3764 ||| Stepping randomly (stuck).
  3766 | D:3      | 3766 ||| Stepping randomly (stuck).
  3767 | D:3      | 3767 ||| Stepping randomly (stuck).
  3768 | D:3      | 3768 ||| Stepping randomly (stuck).
  3771 | D:3      | 3771 ||| Stepping randomly (stuck).
  3773 | D:3      | 3773 ||| Stepping randomly (stuck).
  3774 | D:3      | 3774 ||| Stepping randomly (stuck).
  3775 | D:3      | 3775 ||| Stepping randomly (stuck).
  3776 | D:3      | 3776 ||| Stepping randomly (stuck).
  3778 | D:3      | 3778 ||| Stepping randomly (stuck).
  3779 | D:3      | 3779 ||| Stepping randomly (stuck).
  3780 | D:3      | 3780 ||| Stepping randomly (stuck).
  3781 | D:3      | 3781 ||| Stepping randomly (stuck).
  3782 | D:3      | 3782 ||| Stepping randomly (stuck).
  3784 | D:3      | 3784 ||| Stepping randomly (stuck).
  3786 | D:3      | 3786 ||| Stepping randomly (stuck).
  3788 | D:3      | 3788 ||| Stepping randomly (stuck).
  3789 | D:3      | 3789 ||| Stepping randomly (stuck).
  3790 | D:3      | 3790 ||| Stepping randomly (stuck).
  3791 | D:3      | 3791 ||| Stepping randomly (stuck).
  3792 | D:3      | 3792 ||| Stepping randomly (stuck).
  3793 | D:3      | 3793 ||| Stepping randomly (stuck).
  3794 | D:3      | 3794 ||| Stepping randomly (stuck).
  3795 | D:3      | 3795 ||| Stepping randomly (stuck).
  3796 | D:3      | 3796 ||| Stepping randomly (stuck).
  3798 | D:3      | 3798 ||| Stepping randomly (stuck).
  3800 | D:3      | 3800 ||| Stepping randomly (stuck).
  3801 | D:3      | 3801 ||| Stepping randomly (stuck).
  3802 | D:3      | 3802 ||| Stepping randomly (stuck).
  3805 | D:3      | 3805 ||| Stepping randomly (stuck).
  3807 | D:3      | 3807 ||| Stepping randomly (stuck).
  3808 | D:3      | 3808 ||| Stepping randomly (stuck).
  3809 | D:3      | 3809 ||| Stepping randomly (stuck).
  3810 | D:3      | 3810 ||| Stepping randomly (stuck).
  3811 | D:3      | 3811 ||| Stepping randomly (stuck).
  3812 | D:3      | 3812 ||| Stepping randomly (stuck).
  3813 | D:3      | 3813 ||| Stepping randomly (stuck).
  3814 | D:3      | 3814 ||| Stepping randomly (stuck).
  3815 | D:3      | 3815 ||| Stepping randomly (stuck).
  3817 | D:3      | 3817 ||| Stepping randomly (stuck).
  3818 | D:3      | 3818 ||| Stepping randomly (stuck).
  3819 | D:3      | 3819 ||| Stepping randomly (stuck).
  3821 | D:3      | 3821 ||| Stepping randomly (stuck).
  3823 | D:3      | 3823 ||| Stepping randomly (stuck).
  3825 | D:3      | 3825 ||| Stepping randomly (stuck).
  3826 | D:3      | 3826 ||| Stepping randomly (stuck).
  3827 | D:3      | 3827 ||| Stepping randomly (stuck).
  3828 | D:3      | 3828 ||| Stepping randomly (stuck).
  3829 | D:3      | 3829 ||| Stepping randomly (stuck).
  3831 | D:3      | 3831 ||| Stepping randomly (stuck).
  3833 | D:3      | 3833 ||| Stepping randomly (stuck).
  3835 | D:3      | 3835 ||| Stepping randomly (stuck).
  3837 | D:3      | 3837 ||| Stepping randomly (stuck).
  3839 | D:3      | 3839 ||| Stepping randomly (stuck).
  3840 | D:3      | 3840 ||| Stepping randomly (stuck).
  3841 | D:3      | 3841 ||| Stepping randomly (stuck).
  3843 | D:3      | 3843 ||| Stepping randomly (stuck).
  3845 | D:3      | 3845 ||| Stepping randomly (stuck).
  3847 | D:3      | 3847 ||| Stepping randomly (stuck).
  3848 | D:3      | 3848 ||| Stepping randomly (stuck).
  3850 | D:3      | 3850 ||| Stepping randomly (stuck).
  3851 | D:3      | 3851 ||| Stepping randomly (stuck).
  3852 | D:3      | 3852 ||| Stepping randomly (stuck).
  3853 | D:3      | 3853 ||| Stepping randomly (stuck).
  3854 | D:3      | 3854 ||| Stepping randomly (stuck).
  3855 | D:3      | 3855 ||| Stepping randomly (stuck).
  3856 | D:3      | 3856 ||| Stepping randomly (stuck).
  3857 | D:3      | 3857 ||| Stepping randomly (stuck).
  3858 | D:3      | 3858 ||| Stepping randomly (stuck).
  3860 | D:3      | 3860 ||| Stepping randomly (stuck).
  3861 | D:3      | 3861 ||| Stepping randomly (stuck).
  3862 | D:3      | 3862 ||| Stepping randomly (stuck).
  3863 | D:3      | 3863 ||| Stepping randomly (stuck).
  3864 | D:3      | 3864 ||| Stepping randomly (stuck).
  3865 | D:3      | 3865 ||| Stepping randomly (stuck).
  3866 | D:3      | 3866 ||| Stepping randomly (stuck).
  3867 | D:3      | 3867 ||| Stepping randomly (stuck).
  3868 | D:3      | 3868 ||| Stepping randomly (stuck).
  3869 | D:3      | 3869 ||| Stepping randomly (stuck).
  3871 | D:3      | 3871 ||| Stepping randomly (stuck).
  3873 | D:3      | 3873 ||| Stepping randomly (stuck).
  3875 | D:3      | 3875 ||| Stepping randomly (stuck).
  3877 | D:3      | 3877 ||| Stepping randomly (stuck).
  3879 | D:3      | 3879 ||| Stepping randomly (stuck).
  3880 | D:3      | 3880 ||| Stepping randomly (stuck).
  3881 | D:3      | 3881 ||| Stepping randomly (stuck).
  3882 | D:3      | 3882 ||| Stepping randomly (stuck).
  3883 | D:3      | 3883 ||| Stepping randomly (stuck).
  3884 | D:3      | 3884 ||| Stepping randomly (stuck).
  3886 | D:3      | 3886 ||| Stepping randomly (stuck).
  3887 | D:3      | 3887 ||| Stepping randomly (stuck).
  3888 | D:3      | 3888 ||| Stepping randomly (stuck).
  3891 | D:3      | 3891 ||| Stepping randomly (stuck).
  3893 | D:3      | 3893 ||| Stepping randomly (stuck).
  3895 | D:3      | 3895 ||| Stepping randomly (stuck).
  3896 | D:3      | 3896 ||| Stepping randomly (stuck).
  3897 | D:3      | 3897 ||| Stepping randomly (stuck).
  3898 | D:3      | 3898 ||| Stepping randomly (stuck).
  3899 | D:3      | 3899 ||| Stepping randomly (stuck).
  3900 | D:3      | 3900 ||| Stepping randomly (stuck).
  3901 | D:3      | 3901 ||| Stepping randomly (stuck).
  3902 | D:3      | 3902 ||| Stepping randomly (stuck).
  3903 | D:3      | 3903 ||| Stepping randomly (stuck).
  3904 | D:3      | 3904 ||| Stepping randomly (stuck).
  3905 | D:3      | 3905 ||| Stepping randomly (stuck).
  3906 | D:3      | 3906 ||| Stepping randomly (stuck).
  3907 | D:3      | 3907 ||| Stepping randomly (stuck).
  3908 | D:3      | 3908 ||| Stepping randomly (stuck).
  3909 | D:3      | 3909 ||| Stepping randomly (stuck).
  3910 | D:3      | 3910 ||| Stepping randomly (stuck).
  3911 | D:3      | 3911 ||| Stepping randomly (stuck).
  3914 | D:3      | 3914 ||| Stepping randomly (stuck).
  3915 | D:3      | 3915 ||| Stepping randomly (stuck).
  3916 | D:3      | 3916 ||| Stepping randomly (stuck).
  3917 | D:3      | 3917 ||| Stepping randomly (stuck).
  3918 | D:3      | 3918 ||| Stepping randomly (stuck).
  3919 | D:3      | 3919 ||| Stepping randomly (stuck).
  3921 | D:3      | 3921 ||| Stepping randomly (stuck).
  3922 | D:3      | 3922 ||| Stepping randomly (stuck).
  3924 | D:3      | 3924 ||| Stepping randomly (stuck).
  3925 | D:3      | 3925 ||| Stepping randomly (stuck).
  3926 | D:3      | 3926 ||| Stepping randomly (stuck).
  3928 | D:3      | 3928 ||| Stepping randomly (stuck).
  3929 | D:3      | 3929 ||| Stepping randomly (stuck).
  3930 | D:3      | 3930 ||| Stepping randomly (stuck).
  3931 | D:3      | 3931 ||| Stepping randomly (stuck).
  3932 | D:3      | 3932 ||| Stepping randomly (stuck).
  3934 | D:3      | 3934 ||| Stepping randomly (stuck).
  3935 | D:3      | 3935 ||| Stepping randomly (stuck).
  3936 | D:3      | 3936 ||| Stepping randomly (stuck).
  3937 | D:3      | 3937 ||| Stepping randomly (stuck).
  3938 | D:3      | 3938 ||| Stepping randomly (stuck).
  3939 | D:3      | 3939 ||| Stepping randomly (stuck).
  3940 | D:3      | 3940 ||| Stepping randomly (stuck).
  3941 | D:3      | 3941 ||| Stepping randomly (stuck).
  3943 | D:3      | 3943 ||| Stepping randomly (stuck).
  3945 | D:3      | 3945 ||| Stepping randomly (stuck).
  3947 | D:3      | 3947 ||| Stepping randomly (stuck).
  3949 | D:3      | 3949 ||| Stepping randomly (stuck).
  3951 | D:3      | 3951 ||| Stepping randomly (stuck).
  3953 | D:3      | 3953 ||| Stepping randomly (stuck).
  3955 | D:3      | 3955 ||| Stepping randomly (stuck).
  3957 | D:3      | 3957 ||| Stepping randomly (stuck).
  3958 | D:3      | 3958 ||| Stepping randomly (stuck).
  3959 | D:3      | 3959 ||| Stepping randomly (stuck).
  3961 | D:3      | 3961 ||| Stepping randomly (stuck).
  3962 | D:3      | 3962 ||| Stepping randomly (stuck).
  3963 | D:3      | 3963 ||| Stepping randomly (stuck).
  3964 | D:3      | 3964 ||| Stepping randomly (stuck).
  3966 | D:3      | 3966 ||| Stepping randomly (stuck).
  3968 | D:3      | 3968 ||| Stepping randomly (stuck).
  3969 | D:3      | 3969 ||| Stepping randomly (stuck).
  3970 | D:3      | 3970 ||| Stepping randomly (stuck).
  3971 | D:3      | 3971 ||| Stepping randomly (stuck).
  3973 | D:3      | 3973 ||| Stepping randomly (stuck).
  3975 | D:3      | 3975 ||| Stepping randomly (stuck).
  3976 | D:3      | 3976 ||| Stepping randomly (stuck).
  3977 | D:3      | 3977 ||| Stepping randomly (stuck).
  3978 | D:3      | 3978 ||| Stepping randomly (stuck).
  3979 | D:3      | 3979 ||| Stepping randomly (stuck).
  3980 | D:3      | 3980 ||| Stepping randomly (stuck).
  3982 | D:3      | 3982 ||| Stepping randomly (stuck).
  3983 | D:3      | 3983 ||| Stepping randomly (stuck).
  3984 | D:3      | 3984 ||| Stepping randomly (stuck).
  3985 | D:3      | 3985 ||| Stepping randomly (stuck).
  3986 | D:3      | 3986 ||| Stepping randomly (stuck).
  3987 | D:3      | 3987 ||| Stepping randomly (stuck).
  3988 | D:3      | 3988 ||| Stepping randomly (stuck).
  3990 | D:3      | 3990 ||| Stepping randomly (stuck).
  3992 | D:3      | 3992 ||| Stepping randomly (stuck).
  3994 | D:3      | 3994 ||| Stepping randomly (stuck).
  3995 | D:3      | 3995 ||| Stepping randomly (stuck).
  3996 | D:3      | 3996 ||| Stepping randomly (stuck).
  3997 | D:3      | 3997 ||| Stepping randomly (stuck).
  3998 | D:3      | 3998 ||| Stepping randomly (stuck).
  3999 | D:3      | 3999 ||| Stepping randomly (stuck).
  4000 | D:3      | 4000 ||| Stepping randomly (stuck).
  4001 | D:3      | 4001 ||| Stepping randomly (stuck).
  4002 | D:3      | 4002 ||| Stepping randomly (stuck).
  4003 | D:3      | 4003 ||| Stepping randomly (stuck).
  4004 | D:3      | 4004 ||| Stepping randomly (stuck).
  4005 | D:3      | 4005 ||| Stepping randomly (stuck).
  4006 | D:3      | 4006 ||| Stepping randomly (stuck).
  4007 | D:3      | 4007 ||| Stepping randomly (stuck).
  4010 | D:3      | 4010 ||| Stepping randomly (stuck).
  4011 | D:3      | 4011 ||| Stepping randomly (stuck).
  4013 | D:3      | 4013 ||| Stepping randomly (stuck).
  4015 | D:3      | 4015 ||| Stepping randomly (stuck).
  4017 | D:3      | 4017 ||| Stepping randomly (stuck).
  4018 | D:3      | 4018 ||| Stepping randomly (stuck).
  4019 | D:3      | 4019 ||| Stepping randomly (stuck).
  4020 | D:3      | 4020 ||| Stepping randomly (stuck).
  4021 | D:3      | 4021 ||| Stepping randomly (stuck).
  4022 | D:3      | 4022 ||| Stepping randomly (stuck).
  4023 | D:3      | 4023 ||| Stepping randomly (stuck).
  4025 | D:3      | 4025 ||| Stepping randomly (stuck).
  4027 | D:3      | 4027 ||| Stepping randomly (stuck).
  4028 | D:3      | 4028 ||| Stepping randomly (stuck).
  4030 | D:3      | 4030 ||| Stepping randomly (stuck).
  4031 | D:3      | 4031 ||| Stepping randomly (stuck).
  4032 | D:3      | 4032 ||| Stepping randomly (stuck).
  4033 | D:3      | 4033 ||| Stepping randomly (stuck).
  4034 | D:3      | 4034 ||| Stepping randomly (stuck).
  4035 | D:3      | 4035 ||| Stepping randomly (stuck).
  4036 | D:3      | 4036 ||| Stepping randomly (stuck).
  4037 | D:3      | 4037 ||| Stepping randomly (stuck).
  4039 | D:3      | 4039 ||| Stepping randomly (stuck).
  4041 | D:3      | 4041 ||| Stepping randomly (stuck).
  4043 | D:3      | 4043 ||| Stepping randomly (stuck).
  4044 | D:3      | 4044 ||| Stepping randomly (stuck).
  4047 | D:3      | 4047 ||| Stepping randomly (stuck).
  4049 | D:3      | 4049 ||| Stepping randomly (stuck).
  4050 | D:3      | 4050 ||| Stepping randomly (stuck).
  4051 | D:3      | 4051 ||| Stepping randomly (stuck).
  4052 | D:3      | 4052 ||| Stepping randomly (stuck).
  4053 | D:3      | 4053 ||| Stepping randomly (stuck).
  4054 | D:3      | 4054 ||| Stepping randomly (stuck).
  4055 | D:3      | 4055 ||| Stepping randomly (stuck).
  4056 | D:3      | 4056 ||| Stepping randomly (stuck).
  4058 | D:3      | 4058 ||| Stepping randomly (stuck).
  4060 | D:3      | 4060 ||| Stepping randomly (stuck).
  4061 | D:3      | 4061 ||| Stepping randomly (stuck).
  4063 | D:3      | 4063 ||| Stepping randomly (stuck).
  4065 | D:3      | 4065 ||| Stepping randomly (stuck).
  4066 | D:3      | 4066 ||| Stepping randomly (stuck).
  4067 | D:3      | 4067 ||| Stepping randomly (stuck).
  4068 | D:3      | 4068 ||| Stepping randomly (stuck).
  4069 | D:3      | 4069 ||| Stepping randomly (stuck).
  4070 | D:3      | 4070 ||| Stepping randomly (stuck).
  4071 | D:3      | 4071 ||| Stepping randomly (stuck).
  4072 | D:3      | 4072 ||| Stepping randomly (stuck).
  4073 | D:3      | 4073 ||| Stepping randomly (stuck).
  4075 | D:3      | 4075 ||| Stepping randomly (stuck).
  4077 | D:3      | 4077 ||| Stepping randomly (stuck).
  4078 | D:3      | 4078 ||| Stepping randomly (stuck).
  4079 | D:3      | 4079 ||| Stepping randomly (stuck).
  4080 | D:3      | 4080 ||| Stepping randomly (stuck).
  4081 | D:3      | 4081 ||| Stepping randomly (stuck).
  4082 | D:3      | 4082 ||| Stepping randomly (stuck).
  4083 | D:3      | 4083 ||| Stepping randomly (stuck).
  4084 | D:3      | 4084 ||| Stepping randomly (stuck).
  4086 | D:3      | 4086 ||| Stepping randomly (stuck).
  4087 | D:3      | 4087 ||| Stepping randomly (stuck).
  4088 | D:3      | 4088 ||| Stepping randomly (stuck).
  4091 | D:3      | 4091 ||| Stepping randomly (stuck).
  4092 | D:3      | 4092 ||| Stepping randomly (stuck).
  4094 | D:3      | 4094 ||| Stepping randomly (stuck).
  4096 | D:3      | 4096 ||| Stepping randomly (stuck).
  4097 | D:3      | 4097 ||| Stepping randomly (stuck).
  4098 | D:3      | 4098 ||| Stepping randomly (stuck).
  4099 | D:3      | 4099 ||| Stepping randomly (stuck).
  4100 | D:3      | 4100 ||| Stepping randomly (stuck).
  4101 | D:3      | 4101 ||| Stepping randomly (stuck).
  4103 | D:3      | 4103 ||| Stepping randomly (stuck).
  4104 | D:3      | 4104 ||| Stepping randomly (stuck).
  4106 | D:3      | 4106 ||| Stepping randomly (stuck).
  4108 | D:3      | 4108 ||| Stepping randomly (stuck).
  4110 | D:3      | 4110 ||| Stepping randomly (stuck).
  4111 | D:3      | 4111 ||| Stepping randomly (stuck).
  4113 | D:3      | 4113 ||| Stepping randomly (stuck).
  4114 | D:3      | 4114 ||| Stepping randomly (stuck).
  4115 | D:3      | 4115 ||| Stepping randomly (stuck).
  4116 | D:3      | 4116 ||| Stepping randomly (stuck).
  4117 | D:3      | 4117 ||| Stepping randomly (stuck).
  4119 | D:3      | 4119 ||| Stepping randomly (stuck).
  4120 | D:3      | 4120 ||| Stepping randomly (stuck).
  4122 | D:3      | 4122 ||| Stepping randomly (stuck).
  4123 | D:3      | 4123 ||| Stepping randomly (stuck).
  4124 | D:3      | 4124 ||| Stepping randomly (stuck).
  4125 | D:3      | 4125 ||| Stepping randomly (stuck).
  4128 | D:3      | 4128 ||| Stepping randomly (stuck).
  4129 | D:3      | 4129 ||| Stepping randomly (stuck).
  4130 | D:3      | 4130 ||| Stepping randomly (stuck).
  4132 | D:3      | 4132 ||| Stepping randomly (stuck).
  4133 | D:3      | 4133 ||| Stepping randomly (stuck).
  4134 | D:3      | 4134 ||| Stepping randomly (stuck).
  4135 | D:3      | 4135 ||| Stepping randomly (stuck).
  4136 | D:3      | 4136 ||| Stepping randomly (stuck).
  4137 | D:3      | 4137 ||| Stepping randomly (stuck).
  4138 | D:3      | 4138 ||| Stepping randomly (stuck).
  4139 | D:3      | 4139 ||| Stepping randomly (stuck).
  4142 | D:3      | 4142 ||| Stepping randomly (stuck).
  4143 | D:3      | 4143 ||| Stepping randomly (stuck).
  4145 | D:3      | 4145 ||| Stepping randomly (stuck).
  4146 | D:3      | 4146 ||| Stepping randomly (stuck).
  4147 | D:3      | 4147 ||| Stepping randomly (stuck).
  4148 | D:3      | 4148 ||| Stepping randomly (stuck).
  4149 | D:3      | 4149 ||| Stepping randomly (stuck).
  4151 | D:3      | 4151 ||| Stepping randomly (stuck).
  4152 | D:3      | 4152 ||| Stepping randomly (stuck).
  4154 | D:3      | 4154 ||| Stepping randomly (stuck).
  4155 | D:3      | 4155 ||| Stepping randomly (stuck).
  4157 | D:3      | 4157 ||| Stepping randomly (stuck).
  4158 | D:3      | 4158 ||| Stepping randomly (stuck).
  4159 | D:3      | Quit the game

Levels and vault maps discovered:
D:1:      dpeg_arrival_ternary, layout_basic, hangedman_abyss_or_decor_stabs,
          chequers_mini_garden, nrook_mini_vaults
D:2:      layout_basic, basic_ecumenical_altar
D:3:      layout_basic, minmay_puff, uniq_crazy_yiuf_cottage

Skill      XL: |  1  2  3 |
---------------+----------+-----
Axes           | 3 4 |  4.5
Fighting       | |  3.2
Armour         | |  2.1
Dodging        | |  1.5

Action                   |  1- 3 |  4- 6 || total
-------------------------+-------+-------++-------
Melee: Hand axe          |   123 |    35 ||   158
Throw: Boomerang         |     4 |       ||     4
Invok: Berserk           |     1 |       ||     1
  Use: Scroll            |     5 |     5 ||    10
       Potion            |       |     1 ||     1
Armor: Animal skin       |    41 |    10 ||    51
       Scale mail        |       |     3 ||     3
Dodge: Dodged            |    77 |     8 ||    85

Table legend:
 A = Non-vault XP
 B = Vault XP
 C = Vault XP percentage of total XP
 D = Non-vault monster count
 E = Vault monster count
 F = Vault count percentage of total count
                 A         B        C        D         E       F
            +---------+---------+-------+---------+---------+-------
      Total |     102 |       5 |   4.7 |      52 |       2 |   3.7
            +---------+---------+-------+---------+---------+-------
        D:1 |      39 |       0 |   0.0 |      23 |       0 |   0.0
        D:2 |      30 |       0 |   0.0 |       8 |       0 |   0.0
        D:3 |      33 |       5 |  13.2 |      21 |       2 |   8.7
            +---------+---------+-------+---------+---------+-------
